 Dungeon Sprint DCSS version 0.20.1-1-g8b1a95d (webtiles) character file.

534 Sphara the Fighter (level 7, 0/55 HPs)
             Began as a Gargoyle Gladiator on Dec 11, 2017.
             Was an Initiate of Trog.
             Slain by a hornet (13 damage)
             ... in the Dungeon (Sprint II: "The Violet Keep of Menkaure").
             The game lasted 00:06:05 (556 turns).

Sphara the Fighter (Gargoyle Gladiator)              Turns: 556, Time: 00:06:06

Health: 0/55       AC:  9    Str: 25    XL:     7   Next: 25%
Magic:  7/7        EV: 18    Int:  8    God:    Trog [......]
Gold:   24         SH:  0    Dex: 16    Spells: 6/6 levels left

rFire    + . .     SeeInvis +   a - +0 war axe
rCold    . . .     Gourm    .   (no shield)
rNeg     + . .     Faith    .   b - +0 leather armour
rPois    ∞         Spirit   .   c - +0 helmet
rElec    +         Reflect  .   (no cloak)
rCorr    .         Harm     .   (no gloves)
MR       .....     NoTele   +   j - +0 pair of boots of Saseono {rF+ SInv}
Stlth    ++........             (no amulet)
Regen    0.2/turn               (no ring)
MPRegen  0.1/turn               (no ring)

@: mighty, agile, very slightly contaminated
A: negative energy resistance 1, electricity resistance, unbreathing,
petrification resistance, rot immunity, AC +4
a: Burn Spellbooks, Renounce Religion


You were in the Dungeon.
You worshipped Trog.
Trog was noncommittal.
You were not hungry.

You visited 1 branch You collected 729 gold pieces.
You spent 705 gold pieces at shops.

Inventory:

Hand Weapons
 a - a +0 war axe (weapon)
Missiles
 d - 2 throwing nets (quivered)
Armour
 b - a +0 leather armour (worn)
 c - a +0 helmet (worn)
 j - the +0 pair of boots of Saseono (worn) {rF+ SInv}
   (You bought it in a shop in the Dungeon)

   It protects you from fire.
   It lets you see invisible.
Potions
 e - 2 potions of curing
 g - a potion of heal wounds
 h - 2 potions of haste
 i - 2 potions of magic
Comestibles
 f - a bread ration


   Skills:
 + Level 11.6 Fighting
 + Level 10.2 Axes
 - Level 1.7 Throwing
 - Level 2.4 Dodging


You had 6 spell levels left.
You didn't know any spells.

Dungeon Overview and Level Annotations

Branches:
Dungeon (1/1)

Altars:
Cheibriados
Dithmenos
Elyvilon
Fedhas
Gozag
Hepliaklqana
Kikubaaqudgha
Makhleb
Nemelex Xobeh
Okawaru
Qazlal
Ru
Sif Muna
Trog
Uskayaw
Vehumet
Xom
Yredelemnul
Zin
The Shining One
Beogh
Jiyva
Lugonu

Shops:
D :*[[=?[}%!%=:?!(

Annotations:
D exclusion: oklob plant, Menkaure


Innate Abilities, Weirdness & Mutations

You are resistant to torment.
Your stone body is resilient. (AC +4)
You are immune to poison.
You resist negative energy. (rN+)
You are resistant to electric shocks. (rElec)
You can survive without breathing.
You are immune to petrification.
You are immune to rotting.


Message History

Unknown command.
You feel much better.
Unknown command.
Unknown command.
Unknown command.
The polar bear closely misses you.
The polar bear claws you but does no damage.
The polar bear misses you.
A spear hits the hornet, but does no damage!
Really walk into a travel-excluded area? [Y]es or [N]o only, please.
Really walk into a travel-excluded area?
There is an open door here.
You feel very mighty all of a sudden. The hornet stings you.
The hornet stings you!
* * * LOW HITPOINT WARNING * * *
You slice the hornet!!
The hornet is almost dead.
The hornet stings you!
You die...

####≈≈≈.........#
∩.∩#≈≈≈≈.##+##..#
.∩.#≈≈≈≈###.###.#### .###
∩..#≈≈≈≈#..#..#....# ...#
...#≈≈####.#.####..## #..# .# [
...#≈##.###'###.##..# +..# c#▓)?
...#≈#...##.##.#.#..# #..# h#▓[!
∩..'≈'.##'.<.'###yh.### ..##.#▓)?
.∩.#≈###.##.##.#@#.h.h###^..##▓▓▓
▓###≈##.###+###.##....c.≈(≈≈≈≈≈≈≈
####≈≈###


w#w ###≈≈.....≈#'###### ##≈≈≈#.. ..#≈≈§≈≈≈≈§.≈#._..._. +#≈##.
$##≈≈≈≈≈≈≈≈.≈#.._._._ # ≈≈## ##≈≈≈§≈§§§≈≈≈#._._._. ≈≈ ≈≈≈≈§≈≈≈§§§§≈#_._._._
+++#§§≈§≈≈§§§#._._._. ##≈≈≈###§≈#_._._.. You could see a polar bear and a
hornet.

Vanquished Creatures
  2 hippogriffs (D)
  A crocodile (D)
  4 worker ants (D)
  3 worms (D)
10 creatures vanquished.

Vanquished Creatures (others)
  A crocodile (D)
1 creature vanquished.

Grand Total: 11 creatures vanquished

Notes
Turn   | Place    | Note
-------+----------+-------------------------------------------
     0 | D        | Sphara the Gargoyle Gladiator began the quest for the Orb.
     0 | D        | Reached XP level 1. HP: 12/12 MP: 1/1
     1 | D        | Noticed a worker ant
     1 | D        | Noticed a worker ant
     1 | D        | Noticed a worker ant
     1 | D        | Noticed a worker ant
     6 | D        | Killed a worker ant
     6 | D        | Reached skill level 4 in Fighting
     6 | D        | Reached XP level 2. HP: 15/20 MP: 2/2
     6 | D        | Reached XP level 3. HP: 19/25 MP: 3/3
     7 | D        | Reached skill level 5 in Fighting
     7 | D        | Reached skill level 5 in Axes
    10 | D        | Reached skill level 6 in Fighting
    10 | D        | Reached XP level 4. HP: 19/32 MP: 4/4
    14 | D        | Reached skill level 7 in Fighting
   207 | D        | Killed a crocodile
   242 | D        | Noticed a hippogriff
   242 | D        | Noticed a hippogriff
   252 | D        | Killed a hippogriff
   252 | D        | Reached skill level 10 in Fighting
   252 | D        | Reached XP level 5. HP: 35/42 MP: 5/5
   252 | D        | Reached XP level 6. HP: 40/48 MP: 6/6
   258 | D        | Killed a hippogriff
   258 | D        | Reached skill level 11 in Fighting
   258 | D        | Reached XP level 7. HP: 25/54 MP: 7/7
   418 | D        | Noticed a tyrant leech
   418 | D        | Noticed a tyrant leech
   429 | D        | Noticed a flying skull
   430 | D        | Noticed a flying skull
   444 | D        | Found Noet's Distillery.
   445 | D        | Found Waeduosu's Distillery.
   445 | D        | Found Cydios's Food Emporium.
   445 | D        | Found Giuha's Jewellery Shoppe.
   445 | D        | Found Noesoruu's Gadget Shoppe.
   445 | D        | Found Sento's Jewellery Shoppe.
   445 | D        | Found Liejukhlai's Antique Armour Emporium.
   445 | D        | Found Gura's Magic Scroll Shoppe.
   445 | D        | Found Ammiat's Antique Armour Emporium.
   445 | D        | Found Jeeqob's Antique Weapon Shoppe.
   445 | D        | Found Torhuni's Food Emporium.
   446 | D        | Found Torixas's Antique Armour Shoppe.
   446 | D        | Found Komug's Assorted Antiques.
   447 | D        | Found Hyloo's Book Shoppe.
   447 | D        | Found Ydwis Deq's Magic Scroll Emporium.
   447 | D        | Noticed a shining eye
   448 | D        | Noticed a shining eye
   448 | D        | Noticed a shining eye
   448 | D        | Noticed an oklob plant
   449 | D        | Found Aseni's Book Shoppe.
   451 | D        | Noticed a spiny frog
   451 | D        | Noticed a spiny frog
   456 | D        | Reached skill level 10 in Axes
   462 | D        | Noticed a manticore
   462 | D        | Noticed a manticore
   464 | D        | Bought a pair of fine boots for 209 gold pieces
   469 | D        | Identified the +0 pair of boots of Saseono {rF+ SInv} (You bought it in a shop in the Dungeon)
   476 | D        | Bought a glowing hand axe for 132 gold pieces
   486 | D        | Bought a potion of haste for 140 gold pieces
   488 | D        | Bought a potion of heal wounds for 70 gold pieces
   488 | D        | Bought a potion of might for 56 gold pieces
   488 | D        | Bought a potion of curing for 42 gold pieces
   488 | D        | Bought a potion of agility for 56 gold pieces
   504 | D        | Noticed a flying skull
   504 | D        | Noticed a flying skull
   504 | D        | Noticed a flying skull
   504 | D        | Noticed a flying skull
   504 | D        | Noticed a flying skull
   505 | D        | Noticed a flying skull
   505 | D        | Noticed a flying skull
   506 | D        | Noticed a flying skull
   506 | D        | Noticed a flying skull
   506 | D        | Noticed a flying skull
   524 | D        | Found a glowing silver altar of Zin.
   525 | D        | Found a glowing golden altar of the Shining One.
   525 | D        | Found a basalt altar of Yredelemnul.
   525 | D        | Found a hide-covered altar of Uskayaw.
   526 | D        | Found a shimmering altar of Xom.
   526 | D        | Found a bloodstained altar of Trog.
   526 | D        | Found a radiant altar of Vehumet.
   526 | D        | Found a burning altar of Makhleb.
   527 | D        | Found a deep blue altar of Sif Muna.
   527 | D        | Found a corrupted altar of Lugonu.
   528 | D        | Found a sacrificial altar of Ru.
   528 | D        | Found an ancient bone altar of Kikubaaqudgha.
   528 | D        | Found a white marble altar of Elyvilon.
   529 | D        | Found a stormy altar of Qazlal.
   529 | D        | Found a viscous altar of Jiyva.
   529 | D        | Found a shadowy altar of Dithmenos.
   530 | D        | Found a hazy altar of Hepliaklqana.
   530 | D        | Found a snail-covered altar of Cheibriados.
   532 | D        | Found a roughly hewn altar of Beogh.
   532 | D        | Found a sparkling altar of Nemelex Xobeh.
   532 | D        | Found a blossoming altar of Fedhas.
   532 | D        | Noticed a hornet
   532 | D        | Noticed a polar bear
   533 | D        | Noticed a polar bear
   533 | D        | Found an opulent altar of Gozag.
   533 | D        | Found an iron altar of Okawaru.
   533 | D        | Noticed a yaktaur
   535 | D        | Noticed Menkaure
   537 | D        | Became a worshipper of Trog the Wrathful
   544 | D        | Noticed a polar bear
   556 | D        | Slain by a hornet

Skill      XL: |  1  2  3  4  5  6  7 |
---------------+----------------------+-----
Fighting       | 4 6 10 11 | 11.6
Axes           | 4 5 8 9 10 | 10.2
Throwing       | |  1.7
Dodging        | |  2.4

Action                   |  1- 3 |  4- 6 |  7- 9 || total
-------------------------+-------+-------+-------++-------
Melee: War axe           |     7 |    28 |     7 ||    42
Throw: Throwing net      |       |     2 |       ||     2
  Use: Potion            |     1 |       |     3 ||     4
       Scroll            |       |       |     1 ||     1
 Stab: Held in net/web   |       |     1 |       ||     1
Armor: Leather armour    |       |    10 |     5 ||    15
Dodge: Dodged            |     3 |     9 |    20 ||    32
